 Dungeon Crawl Stone Soup version 0.22-a0-240-g539252a (webtiles) character file.

263 wolfsongas the Changer (level 6, 0/44 HPs)
             Began as a Gnoll Wanderer on Feb 22, 2018.
             Succumbed to an adder's poison
             ... on level 4 of the Dungeon.
             The game lasted 00:02:18 (2670 turns).

wolfsongas the Changer (Gnoll Wanderer)             Turns: 2670, Time: 00:02:19

Health: 0/44       AC:  2    Str: 17    XL:     6   Next: 19%
Magic:  13/13      EV: 12    Int: 14    God:
Gold:   87         SH:  0    Dex: 14    Spells: 15/15 levels left

rFire    . . .     SeeInvis .   b - +1 hand crossbow
rCold    . . .     Gourm    .   (no shield)
rNeg     . . .     Faith    .   e - +0 robe
rPois    .         Spirit   .   (no helmet)
rElec    .         Reflect  .   (no cloak)
rCorr    .         Harm     .   (no gloves)
MR       .....                  (no boots)
Stlth    +++.......             (no amulet)
HPRegen  0.14/turn              j - ring of stealth
MPRegen  0.13/turn              (no ring)

@: lethally poisoned (0 -> -2)
A: distributed training, fangs 1, strong nose
a: no special abilities


You were on level 4 of the Dungeon.
You were not hungry.

You visited 1 branch of the dungeon, and saw 4 of its levels.

You collected 87 gold pieces.

Inventory:

Hand Weapons
 b - a +1 hand crossbow (weapon)
Missiles
 c - 19 bolts (quivered)
 h - 119 stones
Armour
 e - a +0 robe (worn)
Jewellery
 j - a ring of stealth (left hand)
Scrolls
 f - 2 scrolls of remove curse
 o - a scroll of fog
Potions
 d - a potion of invisibility
 k - a potion of berserk rage
Comestibles
 a - 6 rations
 i - 12 chunks of flesh


   Skills:
 + Level 1.8 Fighting
 + Level 1.8 Short Blades
 + Level 1.8 Long Blades
 + Level 1.8 Axes
 + Level 1.8 Maces & Flails
 + Level 1.8 Polearms
 + Level 1.8 Staves
 + Level 1.8 Slings
 + Level 1.8 Bows
 + Level 3.1 Crossbows
 + Level 1.8 Throwing
 + Level 4.9 Armour
 + Level 1.8 Dodging
 + Level 3.0 Stealth
 + Level 1.8 Shields
 + Level 1.8 Unarmed Combat
 + Level 5.3 Spellcasting
 + Level 1.4 Conjurations
 + Level 1.4 Hexes
 + Level 1.4 Charms
 + Level 1.4 Summonings
 + Level 1.4 Necromancy
 + Level 1.4 Translocations
 + Level 5.6 Transmutations
 + Level 1.4 Fire Magic
 + Level 1.4 Ice Magic
 + Level 1.4 Air Magic
 + Level 1.4 Earth Magic
 + Level 1.4 Poison Magic
 + Level 2.0 Invocations
 + Level 3.1 Evocations


You had 15 spell levels left.
You didn't know any spells.

Dungeon Overview and Level Annotations

Branches:
Dungeon (4/15)
 Temple: D:4-7

Altars:
Okawaru

Annotations:
D:4 DogShitOnMyToe's ghost, amateur OgEE


Innate Abilities, Weirdness & Mutations

Your experience applies equally to all skills.
You have very sharp teeth.
Your uncanny sense of smell can sniff out nearby items.


Message History

DogShitOnMyToe's ghost barely misses you.
Firing (i - inventory. (/) - cycle)
c - 21 bolts (quivered)
Press: ? - help, Shift-Dir - straight line, f/p - DogShitOnMyToe's ghost
Aim: DogShitOnMyToe's ghost (moderately damaged)
You shoot a bolt.
The bolt barely misses DogShitOnMyToe's ghost.
The adder bites you.
* * * LOW HITPOINT WARNING * * *
DogShitOnMyToe's ghost hits you.
* * * LOW HITPOINT WARNING * * *
The adder bites you.
* * * LOW HITPOINT WARNING * * *
You are lethally poisoned!
The adder poisons you!
Firing (i - inventory. (/) - cycle)
c - 20 bolts (quivered)
Press: ? - help, Shift-Dir - straight line, f/p - DogShitOnMyToe's ghost
Aim: DogShitOnMyToe's ghost (moderately damaged)
You shoot a bolt. The bolt hits DogShitOnMyToe's ghost.
DogShitOnMyToe's ghost is heavily damaged.
You die...

##
##..###.........##
##..###........#
##.# ##########
#.# #.# #.##
###.########
#..........#
##...@..((.#
#..WS.....#
#..........#
#(..(......#
##.........#
#.........#
#.........#
..(%.(...##


You could see DogShitOnMyToe's ghost and an adder.

Vanquished Creatures
  Jessica (D:2)
  2 orc wizards (D:3)
  A worker ant (D:4)
  5 adders
  2 oozes (D:2)
  2 worms
  A dart slug (D:1)
  6 leopard geckos
  9 orcs (D:3)
  9 bats
  5 giant cockroaches
  5 goblins
  10 hobgoblins
  10 jackals
  3 ball pythons (D:1)
  2 frilled lizards (D:3)
  7 kobolds
  8 rats
88 creatures vanquished.

Notes
Turn   | Place    | Note
-------+----------+-------------------------------------------
     0 | D:1      | wolfsongas the Gnoll Wanderer began the quest for the Orb.
     0 | D:1      | wolfsongas set off with: a ration, a +0 hand crossbow, 24 bolts, a +0 robe
     0 | D:1      | Reached XP level 1. HP: 13/13 MP: 6/6
   191 | D:1      | Reached XP level 2. HP: 19/19 MP: 7/7
   422 | D:1      | Reached XP level 3. HP: 25/25 MP: 9/9
   887 | D:2      | Reached skill level 5 in Spellcasting
   893 | D:2      | Noticed Jessica
   904 | D:2      | Reached skill level 1 in Invocations
   908 | D:2      | Killed Jessica
   908 | D:2      | Reached skill level 1 in Fighting
   908 | D:2      | Reached skill level 1 in Short Blades
   908 | D:2      | Reached skill level 1 in Long Blades
   908 | D:2      | Reached skill level 1 in Axes
   908 | D:2      | Reached skill level 1 in Maces & Flails
   908 | D:2      | Reached skill level 1 in Polearms
   908 | D:2      | Reached skill level 1 in Staves
   908 | D:2      | Reached skill level 1 in Slings
   908 | D:2      | Reached skill level 1 in Bows
   908 | D:2      | Reached skill level 1 in Throwing
   908 | D:2      | Reached skill level 1 in Dodging
   908 | D:2      | Reached skill level 1 in Shields
   908 | D:2      | Reached skill level 1 in Unarmed Combat
   908 | D:2      | Reached XP level 4. HP: 14/32 MP: 11/11
  1167 | D:2      | Reached skill level 1 in Conjurations
  1167 | D:2      | Reached skill level 1 in Hexes
  1167 | D:2      | Reached skill level 1 in Charms
  1167 | D:2      | Reached skill level 1 in Summonings
  1167 | D:2      | Reached skill level 1 in Necromancy
  1167 | D:2      | Reached skill level 1 in Translocations
  1167 | D:2      | Reached skill level 1 in Fire Magic
  1167 | D:2      | Reached skill level 1 in Ice Magic
  1167 | D:2      | Reached skill level 1 in Air Magic
  1167 | D:2      | Reached skill level 1 in Earth Magic
  1167 | D:2      | Reached skill level 1 in Poison Magic
  1329 | D:2      | Reached XP level 5. HP: 36/37 MP: 12/12
  1926 | D:3      | Found an iron altar of Okawaru.
  2084 | D:3      | Reached XP level 6. HP: 4/44 MP: 13/13
  2661 | D:4      | Noticed DogShitOnMyToe's ghost (amateur OgEE)
  2669 | D:4      | HP: 1/44 [adder (5)]
  2670 | D:4      | Succumbed to an adder's poison

Vault maps used:
D:1:      lightli_arrival_statue_moat
D:2:      minmay_strange_pillars, uniq_jessica
D:3:      lemuel_coloured_pillars_altar, serial_glass, glass_columns_a,
          glass_columns_a, first_ration
D:4:      kennysheep_mini_moat, serial_shops, shop

Skill      XL: |  1  2  3  4  5  6 |
---------------+-------------------+-----
Spellcasting   | 5 |  5.3
Invocations    | 1 2 |  2.0
Fighting       | 1 |  1.8
Short Blades   | 1 |  1.8
Long Blades    | 1 |  1.8
Axes           | 1 |  1.8
Maces & Flails | 1 |  1.8
Polearms       | 1 |  1.8
Staves         | 1 |  1.8
Slings         | 1 |  1.8
Bows           | 1 |  1.8
Throwing       | 1 |  1.8
Dodging        | 1 |  1.8
Shields        | 1 |  1.8
Unarmed Combat | 1 |  1.8
Conjurations   | 1 |  1.4
Hexes          | 1 |  1.4
Charms         | 1 |  1.4
Summonings     | 1 |  1.4
Necromancy     | 1 |  1.4
Translocations | 1 |  1.4
Fire Magic     | 1 |  1.4
Ice Magic      | 1 |  1.4
Air Magic      | 1 |  1.4
Earth Magic    | 1 |  1.4
Poison Magic   | 1 |  1.4
Crossbows      | 3 |  3.1
Evocations     | 3 |  3.1
Stealth        | 3 |  3.0
Armour         | |  4.9
Transmutations | |  5.6

Action                   |  1- 3 |  4- 6 || total
-------------------------+-------+-------++-------
 Fire: Hand crossbow     |    60 |   160 ||   220
  Use: Scroll            |     6 |     7 ||    13
       Potion            |     4 |     1 ||     5
  Eat: Chunk             |       |     5 ||     5
Armor: Skin              |     7 |     2 ||     9
       Robe              |     4 |    10 ||    14
Dodge: Dodged            |    14 |    45 ||    59

Table legend:
 A = Spawn XP
 B = Non-spawn XP
 C = Spawn XP percentage of total XP
 D = Spawn monster count
 E = Non-spawn monster count
 F = Spawn count percentage of total count
 G = Total turns spent on level
                    A         B        C        D         E        F      G
               +---------+---------+-------+---------+---------+-------+---------
         Total |       0 |     377 |   0.0 |       0 |      88 |   0.0 |  2670
               +---------+---------+-------+---------+---------+-------+---------
           D:1 |       0 |      35 |   0.0 |       0 |      18 |   0.0 |   883
           D:2 |       0 |     137 |   0.0 |       0 |      32 |   0.0 |   667
           D:3 |       0 |     170 |   0.0 |       0 |      36 |   0.0 |  1041
           D:4 |       0 |      35 |   0.0 |       0 |       2 |   0.0 |    79
               +---------+---------+-------+---------+---------+-------+---------
